 Dungeon Crawl Stone Soup version 0.30-a0-263-ge22c4ad894 (webtiles) character file.

Game seed: 543217379443336768

82235 chippings the Sensei (level 15, -5/138 HPs)
             Began as a Merfolk Transmuter on Oct 13, 2022.
             Was a High Priest of Wu Jian.
             Slain by a naga warrior
             ... wielding a +1 halberd of flaming
              (22 damage)
             ... on level 2 of the Snake Pit.
             The game lasted 01:04:18 (18266 turns).

chippings the Sensei (Merfolk Transmuter)          Turns: 18266, Time: 01:04:18

Health: -5/138     AC: 16    Str: 14    XL:     15   Next: 73%
Magic:  1/18       EV: 12    Int: 16    God:    Wu Jian [*****.]
Gold:   1593       SH:  0    Dex: 15    Spells: 10/18 levels left

rFire   x . .      SeeInvis .      - Unarmed
rCold   + + +      Faith    .    (shield currently unavailable)
rNeg    . . .      Spirit   .    (body armour currently unavailable)
rPois   +          Reflect  .    (helmet currently unavailable)
rElec   .          Harm     .    (cloak currently unavailable)
rCorr   .          Rampage  .    (gloves currently unavailable)
Will    +....                    (boots currently unavailable)
Stlth   ++++......               l - amulet of regeneration
HPRegen 1.23/turn                N - +4 ring of protection
MPRegen 0.16/turn                R - +4 ring of protection

@: about to teleport, ice-form, slowed, constricted, very slow
A: freezing attack, boosted hp, large, (nimble swimmer 2), (mertail)
a: End Transformation, Renounce Religion, Wall Jump, Serpent's Lash, Heavenly
Storm


You were on level 2 of the Snake Pit.
You worshipped Wu Jian.
Wu Jian was extremely pleased with you.
You were a creature of crystalline ice.
You visited 4 branches of the dungeon, and saw 19 of its levels.
You also visited: Ossuary.

You collected 1593 gold pieces.

Inventory:

Hand Weapons
 K - the +8 mace of Osupubre {vorpal, +Blink Fly rC+ Dex+4}
   (You found it on level 10 of the Dungeon)

   It inflicts extra damage upon your enemies.
   Dex:       It affects your dexterity (+4).
   rC:        It protects you from cold.
   Fly:       It grants you flight.
   +Blink:    It lets you blink.
 T - the +9 staff of Olgreb {rPois∞}
   (You found it on level 8 of the Dungeon)

   If the wielder is skilled in Evocations, they can envenom those struck by it,
   dealing poison damage which bypasses armour.
   It enhances your poison magic.
   It grants immunity to poison.
   It can be activated via the 'a'bility menu to radiate toxic energy, with
   effectiveness depending on Evocations skill.
Missiles
 a - 2 throwing nets
Armour
 t - the +1 helmet of Xycwaty (melded) {Regen+}
   (You acquired it on level 9 of the Dungeon)

   Regen:     It increases your rate of health regeneration.
 L - a scarf of shadows (melded)
 O - a +3 troll leather armour (melded)
 Q - a +0 pair of gloves (melded)
Jewellery
 l - an amulet of regeneration (around neck)
 m - a ring of see invisible
 B - a ring of resist corrosion
 F - a +4 ring of evasion
 J - a ring of poison resistance
 N - a +4 ring of protection (left front paw)
 R - a +4 ring of protection (right front paw)
 Y - a ring of positive energy
Wands
 v - a wand of digging (5)
 x - a wand of flame (48)
 C - a wand of roots (4)
 I - a wand of charming (24)
 P - a wand of mindburst (14)
 U - a wand of acid (6)
 Z - a wand of polymorph (4)
Scrolls
 f - 2 scrolls of amnesia
 h - 14 scrolls of teleportation
 i - 3 scrolls of fear
 k - 3 scrolls of blinking
 r - 2 scrolls of torment
 s - 3 scrolls of fog
 u - 3 scrolls of poison
 w - 6 scrolls of enchant weapon
 y - a scroll of brand weapon
 A - 7 scrolls of magic mapping
 D - 3 scrolls of summoning
 H - 2 scrolls of vulnerability
 S - a scroll of silence
 X - 3 scrolls of immolation
Potions
 b - 2 potions of lignification
 d - 4 potions of mutation
 e - 3 potions of invisibility
 g - 2 potions of ambrosia
 j - 2 potions of flight
 n - 5 potions of heal wounds
 o - 7 potions of attraction
 p - 7 potions of curing
 q - 4 potions of haste
 z - a potion of magic
 E - a potion of resistance
 G - 2 potions of brilliance
 M - 2 potions of cancellation {unknown}
 V - 2 potions of might
Miscellaneous
 c - a condenser vane


   Skills:
 - Level 10.0 Fighting
 - Level 12.0 Dodging
 - Level 8.0 Stealth
 + Level 22.2 Unarmed Combat
 - Level 2.0 Spellcasting
 - Level 13.0 Transmutations
 - Level 4.0 Ice Magic
 - Level 2.0 Poison Magic
 - Level 4.0 Evocations


You had 10 spell levels left.
You knew the following spells:

 Your Spells              Type           Power      Damage    Failure   Level
a - Beastly Appendage     Tmut           86%        N/A       1%          1
b - Spider Form           Tmut/Pois      25%        N/A       2%          3
c - Ice Form              Ice/Tmut       28%        N/A       6%          4

Your spell library contained the following spells:

 Spells                   Type           Power      Damage    Failure   Level
 Wereblood                Tmut           43%        N/A       1%          2
 Frozen Ramparts          Ice            28%        1d5       12%         3
 Call Canine Familiar     Summ           1%         N/A       52%         3
 Dazzling Flash           Conj/Hex       2%         N/A       52%         3
 Gell's Gravitas          Tloc           1%         N/A       52%         3
 Lesser Beckoning         Tloc           2%         N/A       52%         3
 Portal Projectile        Hex/Tloc       2%         N/A       52%         3
 Summon Guardian Golem    Hex/Summ       1%         N/A       52%         3
 Teleport Other           Tloc           1%         N/A       52%         3
 Summon Ice Beast         Ice/Summ       8%         N/A       65%         4
 Animate Dead             Necr           1%         N/A       90%         4
 Iskenderun's Mystic Bla  Conj/Tloc      1%         2d3       90%         4
 Leda's Liquefaction      Hex/Erth       0%         N/A       90%         4
 Summon Forest            Summ/Tloc      0%         N/A       99%         5
 Summon Mana Viper        Hex/Summ       1%         N/A       99%         5
 Starburst                Conj/Fire      0%         6d3       100%        6
 Summon Cactus Giant      Summ           0%         N/A       100%        6
 Haunt                    Necr/Summ      0%         N/A       100%        7
 Malign Gateway           Summ/Tloc      0%         N/A       100%        7
 Orb of Destruction       Conj           0%         9d5       100%        7
 Spellforged Servitor     Conj/Summ      0%         N/A       100%        7
 Infestation              Necr           0%         N/A       100%        8
 Summon Horrible Things   Summ           0%         N/A       100%        8


Dungeon Overview and Level Annotations

Branches:
Dungeon (11/15)            Temple (1/1) D:5            Lair (5/5) D:10
  Swamp (0/4) Lair:2        Snake (2/4) Lair:2        Slime (0/5) Lair:5
Ossuary (visited)
    Orc: D:9-12

Altars:
Ashenzari
Cheibriados
Dithmenos
Elyvilon
Fedhas
Gozag
Hepliaklqana
Kikubaaqudgha
Makhleb
Nemelex Xobeh
Okawaru
Qazlal
Ru
Sif Muna
Trog
Uskayaw
Vehumet
Wu Jian
Xom
Yredelemnul
Zin
The Shining One
Jiyva

Shops:
D:1 =   D:5 =   D:9 (


Innate Abilities, Weirdness & Mutations

You are a creature of crystalline ice.
You have a powerful freezing melee attack.
Your maximum health is increased.
Your armour is entirely melded.
You are incapable of wielding weapons or throwing items.
((You are very nimble when in or above water. (Stealth+, EV+, Speed+++)))
((Your lower body shifts to a powerful aquatic tail in water.))


Message History

You feel your power leaking away. The naga mage hits you with a +0 flail!
The naga mage constricts you.
Things that are here:
a +0 dire flail; a +0 robe; a naga corpse The naga mage's grasp on you weakens, but your attempt to escape fails.
The mana viper bites you!
You feel your power leaking away. The mana viper bites you!
You feel your power leaking away.
Unknown command.
You escape the naga mage's grasp.
You spin and attack the naga warrior.
You punch the naga warrior! You freeze the naga warrior.
The naga warrior is severely wounded.
The mana viper bites you but does no damage.
Unknown command.
You spin and attack the mana viper repeatedly.
You punch the mana viper!
The mana viper seems to slow down.
You freeze the mana viper.
The mana viper is heavily wounded.
You pummel the mana viper!! You freeze the mana viper.
You kill the mana viper!
The Council accepts your kill.
You spin and attack the naga warrior.
You hit the naga warrior. You freeze the naga warrior.
The naga warrior is severely wounded.
The naga warrior hits you with a +1 halberd of flaming!
The naga warrior melts you!
* * * LOW HITPOINT WARNING * * *
The naga warrior closely misses you. The naga mage spits poison at you.
The splash of poison hits you but does no damage.
You resist. The naga warrior barely misses you. The naga warrior grabs you.
The naga warrior constricts you.
* * * LOW HITPOINT WARNING * * *
As you read the scroll of teleportation, it crumbles to dust.
You feel strangely unstable.
The naga hits you with a +1 long sword of electrocution!!
* * * LOW HITPOINT WARNING * * *
The naga warrior hits you with a +1 halberd of flaming!!
You die...

#..## #..#
#.## #.#
#### #.#
#...######.#
#.......##.#
#....NN.#.#
###..YN...#
#...##.##
#.#.....#
#..###...#
.## ##..# ##
#.. ... ...#


You could see a naga warrior (curare), a naga mage (strong, catching breath) and
a naga (strong).

Vanquished Creatures
  Harold (D:11)
  The ghost of IdlyInterested the Basher, a journeyman DsWn (D:9)
  A catoblepas (Lair:5)
  8 hydras
  A deep troll shaman (Lair:5)
  9 naga warriors
  2 two-headed ogres
  8 anacondas
  8 death yaks (Lair:5)
  2 shock serpents
  9 naga sharpshooters
  A salamander mystic (Snake:1)
  Nergalle (D:11)
  4 naga ritualists (Snake:1)
  A lindwurm (Lair:5)
  8 mana vipers
  3 ugly things (Snake:1)
  A cyclops (D:11)
  3 salamanders
  3 elephants (Lair:5)
  5 guardian serpents
  Joseph (D:10)
  23 black mambas
  A gargoyle (D:10)
  7 cane toads
  13 naga magi
  9 komodo dragons
  2 freezing wraiths (Snake:1)
  3 kobold demonologists (D:9)
  4 trolls
  A tyrant leech (Lair:2)
  A hornet (D:9)
  A polar bear (Lair:5)
  4 blink frogs (Lair:5)
  3 slime creatures (Lair:5)
  Grinder (D:5)
  2 shadows (D:10)
  4 wraiths
  41 yaks
  A basilisk (Lair:1)
  Grum (D:8)
  A steam dragon (D:10)
  3 redbacks (D:8)
  2 vampire mosquitoes (D:10)
  2 swamp worms (Lair:2)
  5 acid dragons (D:10)
  25 nagas
  22 water moccasins
  5 orc warriors
  A black bear (Lair:5)
  2 sky beasts
  25 wolves
  3 ogres
  3 centaurs
  2 phantoms
  14 kobold brigands
  An elf zombie (Ossuary)
  8 bullfrogs
  A necrophage (D:8)
  9 scorpions
  5 wights (D:7)
  9 killer bees (D:8)
  4 jellies
  2 electric eels
  3 howler monkeys
  4 orc priests
  Crazy Yiuf (D:4)
  6 hounds
  A gnoll bouda (D:6)
  6 iguanas
  9 orc wizards
  2 mummies (Ossuary)
  3 adders
  4 gnolls (D:6)
  A shadow imp (D:5)
  A white imp (D:6)
  2 ufetubi
  2 dart slugs
  34 orcs
  5 ball pythons
  4 endoplasms
  3 giant cockroaches
  A gnoll zombie (Ossuary)
  4 goblins
  11 hobgoblins
  6 jackals
  25 kobolds
  A quokka (D:2)
  5 bats
  6 frilled lizards
  A goblin zombie (Ossuary)
  3 hobgoblin zombies (Ossuary)
  8 orc zombies (Ossuary)
  8 rats
527 creatures vanquished.

Vanquished Creatures (others)
  A naga (Snake:2)
  19 fungi
  18 plants
38 creatures vanquished.

Grand Total: 565 creatures vanquished

Notes
Turn   | Place    | Note
-------+----------+-------------------------------------------
     0 | D:1      | chippings the Merfolk Transmuter began the quest for the
                  | Orb.
     0 | D:1      | Reached XP level 1. HP: 15/15 MP: 3/3
    15 | D:1      | Found a faded altar of an unknown god.
   229 | D:1      | Reached XP level 2. HP: 18/21 MP: 3/5
   351 | D:1      | Found Ivath's Jewellery Boutique.
   578 | D:1      | Reached XP level 3. HP: 27/27 MP: 4/6
   732 | D:2      | Learned a level 3 spell: Spider Form
  1753 | D:3      | Noticed an ogre
  1824 | D:3      | Killed an ogre
  1825 | D:3      | Reached skill level 4 in Unarmed Combat
  1825 | D:3      | Reached XP level 4. HP: 33/33 MP: 4/7
  1825 | D:3      | Reached XP level 5. HP: 38/38 MP: 4/8
  1843 | D:3      | Learned a level 4 spell: Ice Form
  2656 | D:4      | Reached skill level 1 in Ice Magic
  2797 | D:4      | Found a runed translucent door.
  2798 | D:4      | Noticed Crazy Yiuf
  2808 | D:4      | Killed Crazy Yiuf
  2809 | D:4      | Reached XP level 6. HP: 46/46 MP: 2/9
  3177 | D:5      | Entered Level 5 of the Dungeon
  3197 | D:5      | Found Minosmye's Jewellery Emporium.
  3208 | D:5      | Reached skill level 5 in Unarmed Combat
  3272 | D:5      | Reached skill level 5 in Transmutations
  3355 | D:5      | Reached skill level 1 in Stealth
  3355 | D:5      | Reached XP level 7. HP: 52/52 MP: 6/10
  3580 | D:5      | Noticed Grinder
  3653 | D:5      | Found a staircase to the Ecumenical Temple.
  3655 | D:5      | Paralysed by Grinder for 4 turns
  3664 | D:5      | Killed Grinder
  3678 | Temple   | Entered the Ecumenical Temple
  3708 | Temple   | Became a worshipper of the Wu Jian Council
  4376 | D:6      | Reached skill level 6 in Unarmed Combat
  4376 | D:6      | Reached XP level 8. HP: 61/61 MP: 6/11
  4585 | D:6      | Reached * piety under Wu Jian
  4622 | D:6      | Reached skill level 5 in Fighting
  4775 | D:6      | Found a shimmering blue altar of Sif Muna.
  4777 | D:6      | Found a stormy altar of Qazlal.
  4798 | D:6      | Found a radiant altar of Vehumet.
  4800 | D:6      | Found a sacrificial altar of Ru.
  5022 | D:6      | Reached skill level 7 in Unarmed Combat
  5071 | D:6      | Reached skill level 5 in Stealth
  5351 | D:7      | Found a sand-covered staircase.
  5359 | Ossuary  | Entered an ossuary
  5374 | Ossuary  | Reached XP level 9. HP: 68/68 MP: 9/12
  5524 | D:7      | Reached ** piety under Wu Jian
  6016 | D:8      | Reached skill level 8 in Unarmed Combat
  6031 | D:8      | Found a runed translucent door.
  6032 | D:8      | Found a runed translucent gate.
  6034 | D:8      | Found a runed translucent gate.
  6061 | D:8      | Found a runed translucent gate.
  6063 | D:8      | Found a runed translucent door.
  6112 | D:8      | Noticed Grum
  6137 | D:8      | Killed Grum
  6152 | D:8      | Found the +9 staff of Olgreb {rPois∞}
  6390 | D:8      | Reached XP level 10. HP: 77/77 MP: 9/13
  7057 | D:9      | Found Ojiuph Satz's Weapon Boutique.
  7139 | D:9      | Noticed a two-headed ogre
  7154 | D:9      | Killed a two-headed ogre
  7155 | D:9      | Reached skill level 9 in Unarmed Combat
  7155 | D:9      | Reached skill level 10 in Transmutations
  7187 | D:9      | Identified a scroll of acquirement
  7193 | D:9      | Acquired the +1 helmet of Xycwaty {Regen+}
  7280 | D:9      | Reached *** piety under Wu Jian
  7482 | D:9      | Found a sparkling altar of Nemelex Xobeh.
  7580 | D:9      | Noticed a kobold demonologist
  7591 | D:9      | Killed a kobold demonologist
  7624 | D:9      | Reached skill level 5 in Dodging
  7650 | D:9      | Found a transporter.
  7679 | D:9      | Found a runed translucent gate.
  7680 | D:9      | Found a runed translucent gate.
  7693 | D:9      | Found a runed translucent gate.
  7694 | D:9      | Noticed a kobold demonologist
  7695 | D:9      | Noticed a kobold demonologist
  7721 | D:9      | Noticed IdlyInterested's ghost (journeyman DsWn)
  7754 | D:9      | Found a transporter.
  7755 | D:9      | Found a transporter.
  7934 | D:9      | Found a transporter.
  8096 | D:10     | Entered Level 10 of the Dungeon
  8096 | D:10     | Noticed Joseph
  8152 | D:10     | Found an ancient bone altar of Kikubaaqudgha.
  8170 | D:10     | Identified the +8 mace of Osupubre {vorpal, +Blink Fly rC+
                  | Dex+4}
  8257 | D:10     | Reached XP level 11. HP: 85/85 MP: 12/14
  8262 | D:10     | Reached skill level 1 in Evocations
  8362 | D:10     | Killed Joseph
  8363 | D:10     | Found a staircase to the Lair.
  8463 | D:10     | Reached **** piety under Wu Jian
  8482 | D:10     | Reached skill level 10 in Unarmed Combat
  8653 | D:10     | Identified the +2 rapier of Conformity {distort, Drain rN++
                  | MP+9 Dex+2}
  9133 | D:11     | Noticed Nergalle
  9181 | D:11     | Killed Nergalle
  9205 | D:11     | Noticed Harold
  9222 | D:11     | Killed Harold
  9503 | D:11     | Noticed a two-headed ogre
  9506 | D:11     | Noticed a two-headed ogre
  9518 | D:11     | Killed a two-headed ogre
  9519 | D:11     | Reached skill level 11 in Unarmed Combat
  9519 | D:11     | Reached XP level 12. HP: 55/93 MP: 12/15
 10524 | D:8      | Reached ***** piety under Wu Jian
 10763 | D:9      | Killed IdlyInterested's ghost
 10855 | D:9      | Reached skill level 10 in Dodging
 10940 | Lair:1   | Entered Level 1 of the Lair of Beasts
 11288 | Lair:1   | Reached skill level 12 in Unarmed Combat
 12382 | Lair:2   | Reached skill level 10 in Fighting
 12635 | Lair:2   | Found a staircase to the Snake Pit.
 12735 | Lair:2   | Noticed a seven-headed hydra
 12741 | Lair:2   | Killed a seven-headed hydra
 12742 | Lair:2   | Reached XP level 13. HP: 87/103 MP: 13/16
 12760 | Lair:2   | Reached skill level 13 in Unarmed Combat
 12774 | Lair:2   | Found a staircase to the Swamp.
 13142 | Lair:3   | Identified the +3 spear of the Building Augurer {freeze,
                  | *Rage rPois rCorr Int+3}
 14016 | Lair:4   | Reached skill level 14 in Unarmed Combat
 14711 | Lair:5   | Entered Level 5 of the Lair of Beasts
 14738 | Lair:5   | Reached skill level 15 in Unarmed Combat
 14754 | Lair:5   | Reached skill level 16 in Unarmed Combat
 14818 | Lair:5   | Found a viscous altar of Jiyva.
 14819 | Lair:5   | Found a staircase to the Slime Pits.
 15057 | Lair:5   | Reached XP level 14. HP: 110/110 MP: 13/17
 15113 | Lair:5   | Reached skill level 17 in Unarmed Combat
 15201 | Lair:5   | Identified the +6 morningstar "Litesin" {vorpal, Dex+2}
 15202 | Lair:5   | Identified the +5 morningstar of Evolution {holy, SInv}
 15713 | Snake:1  | Entered Level 1 of the Snake Pit
 15726 | Snake:1  | Reached skill level 18 in Unarmed Combat
 16180 | Snake:1  | Reached ****** piety under Wu Jian
 16181 | Snake:1  | Reached skill level 19 in Unarmed Combat
 16580 | Snake:1  | Reached skill level 20 in Unarmed Combat
 16627 | Snake:1  | Reached XP level 15. HP: 115/115 MP: 18/18
 17072 | Snake:1  | Reached skill level 21 in Unarmed Combat
 17918 | Snake:2  | Reached skill level 22 in Unarmed Combat
 18266 | Snake:2  | Slain by a naga warrior

Illustrated notes

Levels and vault maps discovered:
D:1:      saegor_arrival_simple_e, layout_basic, serial_shops,
          nicolae_shop_advertising_works [nicolae_subvault_shop_adworks],
          shapermc_ecumenical_altar_ellora
D:2:      layout_loops_corners, kennysheep_big_empty_room
D:3:      layout_loops_ring
D:4:      layout_basic, uniq_crazy_yiuf_cottage
D:5:      layout_gridville, minmay_temple_entry_junction, nicolae_stop_n_shop_2,
          uniq_grinder
D:6:      layout_basic, nicolae_overflow_hidden_temple
D:7:      layout_gridville, nicolae_ossuary_entry_monument, st_stairs_2
D:8:      layout_loops_corners, minmay_guarded_unrand_staff_of_olgreb, uniq_grum
D:9:      layout_basic, mainiacjoe_overflow_brackets,
          gammafunk_ghost_nasty_kobolds, serial_shops, nicolae_stop_n_shop_1,
          amethyst_killhole, nicolae_transporter_circle
D:10:     layout_rooms, overflow_temple_1_default, erik_lair_island,
          minmay_alternating_orb, uniq_joseph
D:11:     layout_stronghold, grunt_ministairs_3, uniq_harold, uniq_nergalle
Temple:   lightli_temple_of_artemis
Lair:1:   layout_cave_pods, lemuel_fruit_fields
Lair:2:   layout_gridlike, palyth_hydra_swamp_entry, dummy_snake_entry,
          beast_lair_carwin_6, lemuel_fruit_tree, grunt_megastairs_3
Lair:3:   layout_regular_city
Lair:4:   layout_regular_city, infiniplex_staircase_pool_2
Lair:5:   grunt_lair_end_beastmaster, layout_cave_shapes,
          minmay_slime_entry_pillars, grunt_megastairs_1
Snake:1:  kennysheep_snake, layout_basic, portal_ice_cave_entry_horrid_things
Snake:2:  layout_cave_pods

Skill      XL: |  1  2  3  4  5  6  7  8  9 10 11 12 13 14 15 |
---------------+----------------------------------------------+-----
Dodging        | 3 6 8 11 12 | 12.0
Transmutations | 3 4 5 6 7 9 11 12 13 | 13.0
Fighting       | 2 3 4 5 6 7 8 10 | 10.0
Unarmed Combat | 4 5 6 7 8 9 11 12 16 20 22 | 22.2
Poison Magic   | 2 |  2.0
Ice Magic      | 1 2 3 4 |  4.0
Stealth        | 1 3 5 6 8 |  8.0
Evocations     | 4 |  4.0
Spellcasting   | |  2.0

Action                   |  1- 3 |  4- 6 |  7- 9 | 10-12 | 13-15 || total
-------------------------+-------+-------+-------+-------+-------++-------
Melee: Unarmed           |   116 |    98 |   272 |   598 |   666 ||  1750
       Headbutt          |    18 |     8 |       |       |       ||    26
       Punch             |       |     2 |       |       |     4 ||     6
 Cast: Beastly Appendage |    23 |    12 |       |       |       ||    35
       Spider Form       |     1 |     7 |    16 |    14 |     2 ||    40
       Ice Form          |       |       |    12 |    31 |    42 ||    85
Invok: Lunge             |       |       |    38 |    48 |    71 ||   157
       Whirlwind         |       |       |    22 |    59 |   129 ||   210
       Serpent's Lash    |       |       |       |     1 |     1 ||     2
       Heavenly Storm    |       |       |       |       |     3 ||     3
 Abil: Wall Jump         |       |       |       |     5 |     3 ||     8
       End Transformatio |       |       |       |     2 |    10 ||    12
  Use: Scroll            |       |     4 |       |    20 |    10 ||    34
       Potion            |       |       |       |     3 |     2 ||     5
 Stab: Sleeping          |     1 |       |     4 |     4 |    13 ||    22
       Distracted        |       |       |     2 |     1 |     1 ||     4
Armor: Robe              |    15 |     2 |     2 |     1 |       ||    20
       Skin              |     1 |     7 |    32 |   114 |   137 ||   291
       Troll leather arm |       |       |       |     2 |     8 ||    10
Dodge: Dodged            |    83 |    61 |   148 |   351 |   338 ||   981

Table legend: (Time is in decaauts)
 A = Elapsed time spent in this place.
 B = Non-inter-level travel time spent in this place.
 C = Inter-level travel time spent in this place.
 D = Time resting spent in this place.
 E = Time spent auto-exploring this place.
 F = Levels seen in this place.
 G = Mean time per level.
                   A        B        C        D        E       F      G
               +--------+--------+--------+--------+--------+-----+--------+
         Total |  18016 |  16987 |   1029 |    460 |  10456 |  20 |  900.8 |
       Dungeon |  10642 |   9850 |    792 |    202 |   5930 |  11 |  967.5 |
        Temple |     47 |     47 |      0 |      0 |      0 |   1 |   47.0 |
          Lair |   4792 |   4584 |    208 |    197 |   3150 |   5 |  958.4 |
     Snake Pit |   2396 |   2368 |     28 |     50 |   1376 |   2 | 1198.0 |
       Ossuary |    138 |    138 |      0 |     11 |      0 |   1 |  138.0 |
               +--------+--------+--------+--------+--------+-----+--------+

Top non-repeatable levels by time:
 Snake:1: 1434 daAuts
     D:9: 1365 daAuts
  Lair:2: 1308 daAuts
     D:8: 1277 daAuts
    D:11: 1119 daAuts
     D:5: 1102 daAuts
     D:2: 1083 daAuts
     D:6: 1080 daAuts
    D:10: 987 daAuts
 Snake:2: 962 daAuts
  Lair:1: 958 daAuts
  Lair:5: 930 daAuts
  Lair:4: 893 daAuts
     D:1: 717 daAuts
  Lair:3: 701 daAuts
